 Dungeon Crawl Stone Soup version 0.28-a0-823-gb444dcf96d (webtiles) character file.

Game seed: 2338901229167467637

485 fuuckk the Skirmisher (level 6, -6/55 (58) HPs)
             Began as a Draconian Berserker on Nov 9, 2021.
             Was a Believer of Trog.
             Splashed by a jelly's acid (9 damage)
             ... on level 5 of the Dungeon.
             The game lasted 00:21:38 (7336 turns).

fuuckk the Skirmisher (Draconian Berserker)         Turns: 7336, Time: 00:21:38

HP:   -6/55 (58)    AC:  2    Str: 21    XL:     6   Next: 88%
MP:   6/6           EV:  9    Int:  8    God:    Trog [**....]
Gold: 177           SH:  0    Dex: 10    Spells: 5/5 levels left

rFire   . . .      SeeInvis .   a - +0 hand axe
rCold   . . .      Faith    .   (no shield)
rNeg    . . .      Spirit   .   (armour unavailable)
rPois   .          Reflect  .   (helmet restricted)
rElec   .          Harm     .   (no cloak)
rCorr   .          Rampage  .   (no gloves)
Will    .....                   (no boots)
Stlth   +.........              (no amulet)
HPRegen 0.18/turn               (no ring)
MPRegen 0.10/turn               (no ring)

@: brilliant, corroded, on berserk cooldown, constricted, drained
A: AC +6, unfitting armour, cold-blooded
a: Renounce Religion, Berserk, Trog's Hand


You were on level 5 of the Dungeon.
You worshipped Trog.
Trog was pleased with you.
You visited 1 branch of the dungeon, and saw 5 of its levels.

You collected 177 gold pieces.

Inventory:

Hand Weapons
 a - a +0 hand axe (weapon)
Missiles
 f - 116 stones (quivered)
Jewellery
 i - a ring of protection from fire
Scrolls
 b - a scroll of enchant armour
 k - a scroll of teleportation


   Skills:
 * Level 6.4 Fighting
 + Level 4.7 Axes
 + Level 2.6 Throwing
 - Level 3.1 Dodging


You had 5 spell levels left.
You didn't know any spells.
Your spell library was empty.

Dungeon Overview and Level Annotations

Branches:
Dungeon (5/15)
 Temple: D:4-7

Altars:
Zin

Annotations:
D:4 Dowan, Duvessa, Natasha


Innate Abilities, Weirdness & Mutations

Your plain brown scales are hard. (AC +6)
You cannot fit into any form of body armour.
You are cold-blooded and may be slowed by cold attacks.


Message History

You climb downwards.
Found a scroll labelled CUTITS GUENN.
There is a stone staircase leading up here.
Okay, then.
It was a potion of curing.
You feel better. The jackal closely misses you.
The ball python barely misses you. The ball python grabs you.
The ball python constricts you.
The jackal bites you but does no damage.
The jelly barely misses you. The ball python bites you.
The ball python constricts you.
You escape the ball python's grasp.
The jackal bites you but does no damage.
The jelly barely misses you. The jackal closely misses you.
The ball python barely misses you. The ball python closely misses you.
The jelly barely misses you. The jackal closely misses you.
You barely miss the ball python. You hit the jelly but do no damage.
Your hands burn!
You hit the jackal but do no damage.
You feel yourself speed up. The ball python barely misses you.
The ball python grabs you. The ball python constricts you.
The jackal bites you. The jelly hits you but does no damage.
The ball python bites you. The ball python constricts you.
The jackal bites you.
Okay, then.
You hit the jelly.
Your hands burn!
You tail-slap the jelly.
The jelly is moderately wounded.
You closely miss the ball python. You hit the jackal but do no damage.
The jackal bites you. The ball python barely misses you.
The ball python constricts you. The jelly hits you.
* * * LOW HITPOINT WARNING * * *
You are splashed with acid!
* * * LOW HITPOINT WARNING * * *
It was a potion of brilliance.
You feel clever all of a sudden. The jackal closely misses you.
The ball python closely misses you. The ball python constricts you.
* * * LOW HITPOINT WARNING * * *
The jelly hits you.
* * * LOW HITPOINT WARNING * * *
You are splashed with acid!
You die...

##.. .... .....
..... ...... ##
##...?### ..
......h<#.#..##
.##...J@S.≈....
#.......≈....
#.......≈≈...
#......≈≈§...
#.....§≈≈≈≈..
#...≈≈≈§§§§≈≈
#.≈≈≈≈≈≈§§≈≈≈
#...≈§≈≈≈≈≈≈≈


You could see a jelly, a jackal and a ball python.

Vanquished Creatures
  Edmund (D:4)
  A necrophage (D:4)
  A bullfrog (D:3)
  3 orc priests (D:3)
  An orc wizard (D:3)
  3 gnolls (D:3)
  An adder (D:4)
  A worm (D:2)
  2 dart slugs (D:1)
  3 orcs (D:3)
  6 ball pythons
  6 bats
  4 endoplasms
  A giant cockroach (D:1)
  6 goblins
  6 hobgoblins
  2 jackals
  7 kobolds
  2 quokkas
  A frilled lizard (D:2)
  A rat (D:2)
59 creatures vanquished.

Notes
Turn   | Place    | Note
-------+----------+-------------------------------------------
     0 | D:1      | fuuckk the Draconian Berserker began the quest for the Orb.
     0 | D:1      | Reached XP level 1. HP: 19/19 MP: 1/1
   146 | D:1      | Reached XP level 2. HP: 24/26 MP: 2/2
   308 | D:4      | Noticed a bullfrog
  2312 | D:1      | Reached XP level 3. HP: 29/33 MP: 3/3
  2412 | D:1      | Reached skill level 4 in Fighting
  2906 | D:2      | Found a glowing silver altar of Zin.
  2926 | D:2      | Reached ** piety under Trog
  3270 | D:2      | Found a faded altar of an unknown god.
  4416 | D:3      | Killed a bullfrog
  4417 | D:3      | Reached skill level 1 in Throwing
  4417 | D:3      | Reached XP level 4. HP: 41/41 MP: 4/4
  4522 | D:4      | Noticed Dowan
  4552 | D:3      | Reached XP level 5. HP: 14/47 MP: 5/5
  4951 | D:3      | Reached skill level 5 in Fighting
  6992 | D:4      | Noticed Duvessa
  6999 | D:3      | Reached XP level 6. HP: 24/56 MP: 6/6
  7283 | D:4      | Noticed Edmund
  7296 | D:4      | Killed Edmund
  7297 | D:4      | Reached skill level 6 in Fighting
  7297 | D:4      | Noticed Natasha
  7331 | D:5      | Entered Level 5 of the Dungeon
  7336 | D:5      | Splashed by a jelly's acid

Illustrated notes

Levels and vault maps discovered:
D:1:      erik_arrival_triangle_huge, layout_basic
D:2:      layout_basic, basic_altar, shapermc_ecumenical_altar_hornbeckon
D:3:      layout_rooms
D:4:      layout_rooms, minmay_temple_entry_statues_fountains,
          cheibrodos_sewer_entry_sluice, uniq_edmund, uniq_duvessa, uniq_natasha
D:5:      layout_basic, lemuel_old_faithful

Skill      XL: |  1  2  3  4  5  6 |
---------------+-------------------+-----
Dodging        | 3 |  3.1
Fighting       | 4 5 6 |  6.4
Throwing       | 1 2 |  2.6
Axes           | 4 |  4.7

Action                   |  1- 3 |  4- 6 || total
-------------------------+-------+-------++-------
Melee: Hand axe          |   130 |    78 ||   208
       Tailslap          |    13 |     9 ||    22
Invok: Berserk           |     2 |     3 ||     5
       Trog's Hand       |     1 |     1 ||     2
  Use: Scroll            |     2 |     5 ||     7
       Potion            |       |     4 ||     4
Armor: Skin              |    87 |    65 ||   152
Dodge: Dodged            |   145 |    90 ||   235

Table legend: (Time is in decaauts)
 A = Elapsed time spent in this place.
 B = Non-inter-level travel time spent in this place.
 C = Inter-level travel time spent in this place.
 D = Time resting spent in this place.
 E = Time spent auto-exploring this place.
 F = Levels seen in this place.
 G = Mean time per level.
                   A        B        C        D        E       F      G
               +--------+--------+--------+--------+--------+-----+--------+
         Total |   7436 |   7436 |      0 |   4390 |    386 |   5 | 1487.2 |
       Dungeon |   7436 |   7436 |      0 |   4390 |    386 |   5 | 1487.2 |
               +--------+--------+--------+--------+--------+-----+--------+

Top non-repeatable levels by time:
     D:3: 3092 daAuts
     D:1: 2515 daAuts
     D:2: 1637 daAuts
     D:4: 184 daAuts
     D:5: 6 daAuts
